Map: Ever Dream LE

Players

Denver - Winner!

  • Race: Zerg Zerg
  • League: Grandmaster
  • Spawn Location: 7:00

SortOf

  • Race: Zerg Zerg
  • League: Grandmaster
  • Spawn Location: 1:00

Event: DreamHack SC2 Masters 2020 Fall

VOD

Have the link to the VOD?

Description

Time

  • Played on: Sept. 4, 2020, 11:27 a.m.
  • Length: 10:19

All games in this series

Show
View Real Time Build Order
Export as new Build Order

Denver Zerg - Winner!

Build Orders: Hatch First, Zergling Baneling 

Get SALT Encoding   

  12  0:00  Drone  
  13  0:12  Overlord  
  13  0:17  Drone  
  14  0:30  Drone x2  
  16  0:47  Hatchery  
  15  0:51  Drone  
  15  0:54  Drone  
  17  0:58  Drone  
  18  1:09  Extractor  
  17  1:14  Spawning Pool  
  17  1:17  Drone  
  17  1:19  Drone  
  18  1:28  Drone  
  19  1:39  Drone  
  20  1:49  Drone  
  21  2:01  Queen, Overlord  
  21  2:02  Queen, Zergling x2  
  26  2:09  Metabolic Boost  
  26  2:11  Drone  
  26  2:12  Drone  
  28  2:21  Drone x2  
  30  2:34  Hatchery  
  30  2:36  Drone  
  30  2:38  Drone  
  31  2:49  Drone, Baneling Nest  
  31  2:51  Zergling x2  
  32  2:53  Overlord  
  32  2:56  Zergling x2  
  33  3:06  Zergling x4  
  33  3:10  Zergling x2  
  33  3:11  Overlord  
  36  3:14  Zergling x6  
  39  3:20  Zergling x2  
  39  3:21  Zergling x2  
  39  3:25  Queen  
  43  3:29  Overlord  
  43  3:31  Drone  
  44  3:36  Baneling x2  
  44  3:38  Drone x2  
  46  3:45  Drone x3  
  46  3:46  Drone  
  50  3:50  Baneling x2  
  47  4:04  Drone x5  
  47  4:09  Drone  
  53  4:10  Drone x3  
  53  4:17  Drone x4  
  54  4:22  Zergling x10  
  61  4:30  Zergling x2  
  61  4:31  Zergling x2  
  61  4:35  Extractor  
  61  4:36  Roach Warren  
  61  4:37  Evolution Chamber, Extractor  
  56  4:41  Zergling x4  
  58  4:46  Baneling x2  
  58  4:48  Zergling x6  
  58  4:50  Overlord  
  58  4:52  Baneling x3  
  61  4:55  Drone x2  
  63  5:00  Overlord  
  63  5:04  Drone x3  
  63  5:06  Overlord  
  66  5:10  Zerg Missile Weapons Level 1  
  66  5:16  Overlord  
  64  5:22  Roach x4  
  72  5:28  Roach x3  
  72  5:33  Roach  
  75  5:37  Roach x4, Zergling x4  
  75  5:40  Zergling x2  
  75  5:41  Zergling x2  
  85  5:46  Roach x2  
  86  5:52  Roach x2  
  87  6:04  Zergling x8  
  87  6:05  Zergling x4  
  87  6:06  Queen  
  93  6:14  Zergling x4  
  93  6:16  Ravager x3  
  93  6:17  Overlord  
  93  6:18  Overlord  
  97  6:37  Zergling x14  
  100  6:41  Ravager x2  
  100  6:44  Drone  
  100  6:46  Queen x2  
  107  6:48  Lair  
  107  6:50  Extractor x2  
  104  6:59  Drone x7  
  94  7:08  Drone  
  94  7:13  Drone x2, Zerg Ground Armor Level 1  
  92  7:16  Drone  
  92  7:21  Drone x6  
  99  7:27  Roach x3  
  105  7:37  Roach x2, Overlord  
  109  7:38  Pneumatized Carapace  
  109  7:42  Extractor  
  108  7:48  Glial Reconstitution, Roach x3  
  108  7:49  Hatchery  
  108  7:51  Overlord  
  113  7:55  Overseer  
  113  7:58  Drone x3  
  116  8:01  Roach x3  
  116  8:03  Overlord x2  
  122  8:07  Overlord  
  122  8:13  Overlord  
  122  8:14  Roach x3  
  128  8:20  Evolution Chamber  
  128  8:23  Roach x4  
  135  8:30  Roach x5  
  145  8:37  Overlord  
  145  8:39  Roach x3  
  145  8:41  Overlord  
  151  8:44  Overlord  
  152  8:48  Drone x3  
  154  8:56  Roach x2, Overlord  
  160  9:03  Roach x5  
  168  9:16  Roach  
  168  9:17  Roach x2  
  168  9:23  Roach  
  168  9:24  Roach x3  
  176  9:25  Overlord  
  174  9:34  Roach x5  
  180  9:44  Roach x6  
  178  9:50  Roach x4  
  168  9:56  Roach x3  
Show
View Real Time Build Order
Export as new Build Order

SortOf Zerg 

Build Orders: Hatch First 

Get SALT Encoding   

  12  0:00  Drone  
  13  0:12  Overlord  
  13  0:17  Drone  
  14  0:31  Drone x2  
  16  0:47  Hatchery  
  15  0:51  Drone  
  15  0:54  Drone  
  17  0:58  Drone  
  18  1:08  Extractor  
  17  1:13  Spawning Pool  
  17  1:16  Drone  
  17  1:19  Drone  
  18  1:28  Drone  
  19  1:41  Drone  
  20  1:50  Drone  
  21  1:59  Queen  
  21  2:00  Queen  
  21  2:01  Overlord  
  25  2:02  Zergling x2  
  26  2:10  Drone  
  26  2:11  Drone, Metabolic Boost  
  28  2:22  Drone x2  
  30  2:32  Hatchery  
  30  2:35  Zergling x2  
  30  2:39  Drone  
  31  2:45  Baneling Nest  
  31  2:48  Overlord  
  30  2:52  Drone  
  30  2:58  Queen  
  31  3:01  Drone  
  34  3:06  Drone  
  34  3:08  Zergling x2  
  34  3:10  Drone  
  37  3:14  Drone  
  37  3:16  Drone x2  
  37  3:17  Drone  
  41  3:21  Zergling x2  
  41  3:23  Drone x2  
  44  3:27  Evolution Chamber  
  44  3:28  Baneling  
  44  3:32  Drone  
  44  3:39  Extractor  
  44  3:40  Zergling x2  
  44  3:41  Overlord  
  44  3:47  Baneling x2  
  44  3:48  Roach Warren  
  43  3:50  Zergling x6  
  46  4:02  Zergling x2  
  45  4:04  Drone x5  
  45  4:05  Drone  
  45  4:09  Drone x2  
  47  4:18  Zergling x6  
  47  4:19  Zergling x2  
  48  4:27  Zergling x2  
  48  4:31  Roach, Zergling x4  
  48  4:33  Roach x2, Overlord  
  52  4:39  Roach x2  
  52  4:43  Overlord  
  56  4:47  Roach  
  56  4:49  Baneling  
  56  4:50  Overlord  
  58  4:53  Roach  
  58  4:56  Roach  
  62  5:03  Roach x3  
  62  5:04  Queen  
  70  5:07  Roach  
  70  5:09  Roach  
  70  5:12  Roach  
  76  5:15  Roach  
  76  5:17  Overlord  
  78  5:25  Roach  
  78  5:27  Roach  
  81  5:31  Zergling x2  
  80  5:41  Drone x2  
  80  5:42  Drone  
  81  5:45  Zergling x2  
  81  5:47  Lair  
  77  5:50  Drone x2  
  77  5:55  Zerg Missile Weapons Level 1  
  78  5:59  Drone x3  
  78  6:02  Ravager  
  82  6:04  Queen  
  82  6:06  Queen  
  82  6:10  Drone x3  
  88  6:15  Overlord  
  88  6:18  Overlord  
  88  6:20  Ravager  
  88  6:21  Overlord  
  88  6:23  Extractor  
  88  6:25  Baneling  
  88  6:34  Roach x2  
  88  6:37  Roach  
  88  6:38  Drone  
  88  6:41  Drone  
  88  6:42  Drone x3  
  92  6:48  Roach  
  92  6:50  Roach  
  96  6:56  Roach  
  96  6:58  Queen  
  93  7:02  Queen  
  93  7:04  Roach  
  84  7:09  Roach  
  84  7:11  Drone x5  
  90  7:15  Drone x4  
  93  7:25  Drone x5  
  93  7:28  Overlord  
  98  7:35  Glial Reconstitution  
  98  7:36  Overlord  
  98  7:37  Overlord  
  98  7:41  Overlord  
  98  7:44  Overseer  
  98  7:50  Extractor x2  
  98  7:51  Roach x4, Extractor  
  103  7:54  Overlord  
  103  7:58  Roach x2  
  107  7:59  Zergling x2  
  107  8:03  Overlord  
  107  8:04  Roach x2  
  112  8:10  Roach x3  
  118  8:14  Roach  
  118  8:16  Overlord  
  118  8:18  Overlord, Zergling x2  
  121  8:23  Roach x2  
  121  8:25  Roach  
  121  8:26  Roach  
  129  8:31  Overlord  
  129  8:32  Overlord  
  129  8:34  Drone  
  129  8:36  Roach  
  129  8:37  Roach  
  129  8:40  Overlord  
  134  8:42  Roach  
  134  8:45  Roach  
  134  8:47  Roach  
  140  8:50  Roach  
  140  8:54  Roach x2, Ravager  
  140  8:55  Ravager  
  148  8:57  Overlord  
  148  8:58  Ravager  
  148  9:00  Roach  
  150  9:06  Roach x3  
  156  9:13  Roach x4  
  163  9:17  Roach x2  
  163  9:22  Roach x2  
  167  9:24  Overlord  
  165  9:33  Roach x4  
  165  9:34  Roach  
  165  9:35  Roach  
  165  9:37  Roach  
  177  9:45  Roach x4  
  163  9:50  Roach x2  
  148  9:56  Roach x3  

Tags
 
Add a new tag
Caveats
  • Supply blocks, unpowered buildings, or Contaminate may cause inaccurate times.
  • Supply counts are checked every 10 seconds.